AoeStats
← georgeclay56789

Arena

509584001Analyzed
1v1 RM · 6d ago on Sep 27, 2026· 44m 27s· 2 players
Game mode
Random Map
Map size
Tiny (2 player)
Population
200
Speed
Normal
Resources
Standard
Victory
Conquest
Starting age
Dark Age
Ending age
Imperial Age
RankedLock teamsTeams togetherTeam positionsShared explorationLock speedFull tech treeHidden civsTurbo modeCheats
Victory
Defeat
🇩🇪 Romans · Germany
886
+18
🇬🇧 Portuguese · United Kingdom
920
-18
RootBeerWaiter
11:04 Feudal Age
12:05 Horse Collar
15:21 Castle Age
13:12 Double-Bit Axe
13:57 Gold Mining
14:53 Stone Mining
16:04 Wheelbarrow
16:11 Bow Saw
18:07 Gold Shaft Mining
18:15 Heavy Plow
19:41 Town Watch
21:10 Murder Holes
26:27 Forging
29:01 Iron Casting
28:26 Scale Mail Armor
33:33 Imperial Age
31:15 Scale Barding Armor
32:13 Hand Cart
32:30 Ballistas
33:47 Ballistics
33:37 Heavy Scorpion
35:00 Crop Rotation
37:18 Conscription
38:04 Chain Barding Armor
39:30 Plate Barding Armor
41:57 Blast Furnace
41:13 Chain Mail Armor
40:33 Elite Centurion
41:00 Pikeman
41:40 Squires
42:04 Loom
42:13 Halberdier
georgeclay56789
5:57 Loom
10:05 Feudal Age
16:40 Castle Age
17:48 Wheelbarrow
16:46 Pikeman
18:13 Scale Mail Armor
25:55 Horse Collar
33:00 Imperial Age
30:55 Hand Cart
30:56 Bloodlines
30:47 Husbandry
30:47 Gold Mining
31:49 Forging
31:45 Scale Barding Armor
31:30 Fletching
32:33 Double-Bit Axe
35:26 Chemistry
35:09 Bodkin Arrow
38:07 Conscription
37:52 Bracer
39:23 Iron Casting
39:08 Chain Barding Armor
39:29 Elite Organ Gun
39:59 Onager
41:16 Ballistics
40:25 Cavalier
42:14 Plate Barding Armor
44:45 Blast Furnace
Connection lost

Rejoining the realm…

Still unreachable

The connection could not be restored.

Session expired

The server has moved on; the page needs a fresh start.